cohdb
Replays
Latest Replays
All Replays
Popular Replays
Top Player Replays
Match Explorer
How It Works
Community
CoH3 Stats
Reddit
Sign in to upload your games and track your stats! →
Sign in with Steam
Match 42895177
Unlisted
Match 42895177
Overview
Messages
Build Orders
End
Kradschützen Motorcycle Team
Panzerpioneer Squad
Selects Armored Support Battlegroup
Panzergrenadier Squad
250 Light Carrier
Panzergrenadier Squad
Construct Light Support Kompanie
Selects Superior Fire Drills
Combat Half-tracks
Selects Salvage Kits
Assault Mechanized Group
Fire Support Elements
Flakvierling Half-track
2.5-tonne Medical Truck
Panzerjäger Squad
Assault Mechanized Group
Construct Panzerarmee Kommand
Vehicle Survival Package
Trion
infernoVenom
Novacaine
Snax254
0
0
Comments
sign in to comment!
No comments posted yet!